 Dungeon Crawl Stone Soup version 0.20.0-15-g7f486f2 (webtiles) character file.

26228 asdasd2 the Severer (level 12, -2/112 HPs)
             Began as a Minotaur Fighter on June 11, 2017.
             Was a High Priest of Okawaru.
             Slain by a sphinx (9 damage)
             ... summoned by Kirke
             ... while paralysed by a sphinx
             ... on level 13 of the Dungeon.
             The game lasted 00:26:52 (17411 turns).

asdasd2 the Severer (Minotaur Fighter)             Turns: 17411, Time: 00:26:53

Health: -2/112     AC:  0    Str: 26    XL:     12   Next: 96%
Magic:  15/15      EV:  3    Int:  5    God:    Okawaru [*****.]
Gold:   1114       SH:  0    Dex: 10    Spells: 11/11 levels left

rFire    . . .     SeeInvis .   (weapon currently unavailable)
rCold    . . .     Gourm    .   (shield currently unavailable)
rNeg     . . .     Faith    .   (armour currently unavailable)
rPois    .         Spirit   .   (helmet currently unavailable)
rElec    .         Reflect  .   (cloak currently unavailable)
rCorr    .         Harm     .   (gloves currently unavailable)
MR       .....                  (boots currently unavailable)
Stlth    +.........             i - amulet of magic regeneration
Regen    0.3/turn               (ring currently unavailable)
MPRegen  0.3/turn               (ring currently unavailable)

@: paralysed, pig-form, slowed, very quick
A: (retaliatory headbutt)
a: Heroism, Finesse, Renounce Religion


You were on level 13 of the Dungeon.
You worshipped Okawaru.
Okawaru was extremely pleased with you.
You were full.
You were a filthy swine.
You visited 1 branch of the dungeon, and saw 13 of its levels.
You also visited: Sewer and Bailey.

You collected 1114 gold pieces.

Inventory:

Hand Weapons
 a - a +1 war axe (melded)
Armour
 s - a +0 pair of boots (melded)
 z - a +0 cloak (melded)
 A - a +0 hat (melded)
 C - a +0 plate armour (melded)
Jewellery
 c - a ring of see invisible (melded)
 i - an amulet of magic regeneration (around neck)
 E - an uncursed amulet of faith {unknown}
Wands
 d - a wand of polymorph (10/24)
 k - a wand of clouds (6/9)
 o - a wand of random effects (39/48)
 t - a wand of flame (23/48)
 F - a wand of clouds (4/9)
 H - a wand of enslavement (7/24)
 I - a wand of flame (37/48)
 J - a wand of lightning (2/15)
 L - a wand of confusion (26/48)
 M - a wand of flame (27/48)
 Q - a wand of polymorph (12/24)
Scrolls
 b - a scroll of enchant weapon
 e - 8 scrolls of enchant armour
 l - 3 scrolls of fear
 u - 7 scrolls of teleportation
 v - 3 scrolls of amnesia
 y - 4 scrolls of recharging
 G - 3 scrolls of identify
 P - a scroll of blinking
Potions
 g - 2 potions of curing
 h - a potion of ambrosia
 j - 3 potions of brilliance
 m - 2 potions of cancellation
 q - 6 potions of flight
 r - a potion of magic
 B - a potion of mutation
 O - 6 potions of degeneration
Books
 n - a book of Cantrips

   Spells                             Type                      Level
   a - Confusing Touch                Hexes                        1
   b - Animate Skeleton               Necromancy                   1
   c - Summon Small Mammal            Summoning                    1
   d - Apportation                    Translocation                1
 p - the Compendium of Toxic Boosts
   (You found it in a bailey)

   Spells                             Type                      Level
   a - Sting                          Conjuration/Poison           1
   b - Swiftness                      Charms/Air                   2
   c - Poisonous Vapours              Poison/Air                   2
   d - Excruciating Wounds            Charms/Necromancy            5
 D - a book of Necromancy

   Spells                             Type                      Level
   a - Pain                           Necromancy                   1
   b - Animate Skeleton               Necromancy                   1
   c - Vampiric Draining              Necromancy                   3
   d - Regeneration                   Charms/Necromancy            3
   e - Animate Dead                   Necromancy                   4
   f - Control Undead                 Necromancy                   4
Comestibles
 f - 6 bread rations
 w - 5 meat rations
 x - 6 royal jellies
 N - 11 fruits


   Skills:
 + Level 12.1 Fighting
 + Level 16.2 Axes
 + Level 13.1 Armour
 + Level 4.6 Dodging
   Level 3.6 Shields
 * Level 6.5 Evocations


You had 11 spell levels left.
You didn't know any spells.

Dungeon Overview and Level Annotations

Branches:
Dungeon (13/15)            Temple (0/1) D:7            Lair (0/6) D:9
    Orc (0/2) D:10
 Vaults: D:13-14

Altars:
Ashenzari
Cheibriados
Dithmenos
Hepliaklqana
Kikubaaqudgha
Nemelex Xobeh
Okawaru
Qazlal
Ru
Sif Muna
Trog
Vehumet
Xom

Shops:
D:5 [

Annotations:
D:8 exclusion: statue
D:13 Kirke


Innate Abilities, Weirdness & Mutations

((You reflexively headbutt those who attack you in melee.))
((You have a pair of horns on your head.))


Message History

Kirke gestures at you while chanting.
You turn into a filthy swine.
Your +1 war axe melds into your body.
Your +0 cloak melds into your body.
Your +0 hat melds into your body.
Your +0 pair of boots melds into your body.
Your +0 plate armour melds into your body.
Your ring of see invisible melds into your body.
The sphinx hits you. The sphinx hits you! The sphinx hits you.
Something hits you.
Deactivating autopickup; reactivate with Ctrl-A.
The sphinx hits you. The sphinx hits you! The sphinx hits you.
You hear some strange, mumbled words.
Something tries to affect you, but you resist.
The sphinx hits you!!
* * * LOW HITPOINT WARNING * * *
The sphinx barely misses you. The sphinx hits you.
* * * LOW HITPOINT WARNING * * *
Something hits you.
* * * LOW HITPOINT WARNING * * *
The sphinx hits you!
You die...

#####.#######.#....#
#..##..#..###### .###
#......#..# @..# #......####
hh.# #..###.# ...# # #..###.#
h..# .## #......# ... ....
#......##########'######.....
#######'##.....h{hhh............
#........#....H###Hh.##H<.#
#........#.#...###........##
##..#'####....................
###..#............########'#####
.....#..##........#............#
###########.......#............#
#.#......#'######...<.#
#.##..........(..#.....#


You could see a sphinx, a hippogriff and 4 hogs.

Vanquished Creatures
  Snorg (D:13)
  Erolcha (D:10)
  Josephine (D:10)
  4 two-headed ogres
  A deep elf knight (Bailey)
  The ghost of Quirk the Carver, a novice VSFi of Makhleb (D:8)
  Pikel (D:6)
  An orc knight (D:10)
  8 deep elf magi (Bailey)
  2 cyclopes
  An ugly thing (D:13)
  Maurice (D:11)
  A manticore (D:12)
  2 centaur zombies
  A spiny frog (shapeshifter) (D:13)
  A komodo dragon (D:9)
  A troll (D:10)
  5 slime creatures
  A hippogriff (D:7)
  A meliai zombie (D:12)
  Sigmund (D:2)
  5 wraiths (D:10)
  A basilisk (D:13)
  2 hogs (D:13)
  A yak (D:12)
  4 vampire mosquitoes (D:12)
  2 steam dragons
  An acid dragon (D:12)
  A water moccasin (D:5)
  A soldier ant (D:11)
  Duvessa (D:6)
  A black bear (D:13)
  10 orc warriors
  5 sky beasts
  2 slaves (D:6)
  2 phantoms
  2 ice beasts
  9 ogres
  8 centaurs
  A crocodile (D:12)
  5 big kobolds
  4 bullfrogs
  4 gnoll sergeants (D:10)
  A wyvern zombie (D:11)
  Dowan (D:6)
  A wyvern skeleton (D:13)
  3 scorpions
  29 killer bees
  8 wights (D:9)
  8 howler monkeys
  The ghost of removed the Slasher, a weakling DEFi (D:3)
  3 bullfrog zombies
  5 crimson imps
  A quasit (D:13)
  6 hounds
  11 orc priests
  4 centaur skeletons
  3 jellies
  Crazy Yiuf (D:6)
  3 bullfrog skeletons
  Terence (D:2)
  2 iguanas
  15 orc wizards
  12 worker ants
  3 hound zombies
  A howler monkey zombie (D:7)
  6 gnolls
  4 river rats (D:5)
  20 adders
  10 shadow imps
  2 oozes (D:2)
  An adder zombie (D:6)
  An adder skeleton (D:6)
  6 worms
  2 dart slugs
  5 leopard geckos
  65 orcs
  17 bats
  6 giant cockroaches
  8 goblins
  14 hobgoblins
  14 jackals
  13 kobolds
  3 quokkas
  4 ball pythons
  5 frilled lizards
  A jackal skeleton (D:4)
  A leopard gecko zombie (D:7)
  A quokka skeleton (D:5)
  A quokka zombie (D:6)
  9 rats
451 creatures vanquished.

Vanquished Creatures (others)
  An orc wizard (D:6)
  An orc (D:6)
  3 kobolds
  2 plants (D:9)
7 creatures vanquished.

Grand Total: 458 creatures vanquished

Notes
Turn   | Place    | Note
-------+----------+-------------------------------------------
     0 | D:1      | asdasd2 the Minotaur Fighter began the quest for the Orb.
     0 | D:1      | Reached XP level 1. HP: 19/19 MP: 0/0
   213 | D:1      | Reached XP level 2. HP: 27/27 MP: 1/1
   601 | D:2      | Noticed Terence
   604 | D:2      | Reached skill level 3 in Axes
   604 | D:2      | Reached XP level 3. HP: 33/33 MP: 2/2
   606 | D:2      | Killed Terence
   671 | D:2      | Noticed Sigmund
   685 | D:2      | Killed Sigmund
   685 | D:2      | Reached skill level 5 in Fighting
   685 | D:2      | Reached skill level 4 in Axes
   685 | D:2      | Reached skill level 5 in Armour
   685 | D:2      | Reached XP level 4. HP: 22/42 MP: 3/3
   685 | D:2      | Reached XP level 5. HP: 25/48 MP: 4/4
   956 | D:2      | Reached skill level 5 in Axes
  1447 | D:3      | Noticed removed's ghost (weakling DEFi)
  1451 | D:3      | Killed removed's ghost
  1451 | D:3      | Reached XP level 6. HP: 50/56 MP: 5/5
  2227 | D:4      | Found a snail-covered altar of Cheibriados.
  2292 | D:4      | Found a stormy altar of Qazlal.
  2635 | D:4      | Reached skill level 6 in Axes
  2638 | D:4      | Reached skill level 1 in Dodging
  2796 | D:4      | Reached XP level 7. HP: 60/62 MP: 6/6
  2967 | D:5      | Entered Level 5 of the Dungeon
  2971 | D:5      | Found Bouga's Antique Armour Emporium.
  3033 | D:5      | Reached skill level 7 in Axes
  3149 | D:5      | Found a glowing drain.
  3192 | Sewer    | Entered a sewer
  3816 | D:5      | Found a sparkling altar of Nemelex Xobeh.
  3968 | D:5      | Reached skill level 8 in Axes
  3968 | D:5      | Reached XP level 8. HP: 46/70 MP: 7/7
  4417 | D:5      | Found a shimmering altar of Xom.
  4734 | D:6      | Noticed Pikel
  4761 | D:6      | Killed Pikel
  4761 | D:6      | Reached skill level 9 in Axes
  4792 | D:6      | Found a shadowy altar of Dithmenos.
  4881 | D:6      | Noticed Duvessa
  4881 | D:6      | Noticed Dowan
  4890 | D:6      | Killed Duvessa
  4890 | D:6      | Reached XP level 9. HP: 63/79 MP: 3/8
  4897 | D:6      | Killed Dowan
  4938 | D:6      | Reached skill level 10 in Axes
  5396 | D:6      | Found a runed door.
  5573 | D:6      | Found a hazy altar of Hepliaklqana.
  5787 | D:6      | Noticed Crazy Yiuf
  5794 | D:6      | Killed Crazy Yiuf
  6104 | D:7      | Found an iron altar of Okawaru.
  6153 | D:7      | Became a worshipper of Warmaster Okawaru
  6362 | D:7      | Found a staircase to the Ecumenical Temple.
  6381 | D:7      | Found an ancient bone altar of Kikubaaqudgha.
  6491 | D:7      | Reached skill level 11 in Axes
  7178 | D:8      | Reached * piety under Okawaru
  7208 | D:8      | Noticed Quirk's ghost (novice VSFi)
  7516 | D:8      | Found a shattered altar of Ashenzari.
  7578 | D:8      | Found a bloodstained altar of Trog.
  7694 | D:8      | Found a radiant altar of Vehumet.
  7761 | D:8      | Killed Quirk's ghost
  7761 | D:8      | Reached XP level 10. HP: 61/90 MP: 9/9
  7984 | D:9      | Reached skill level 12 in Axes
  8011 | D:9      | Reached ** piety under Okawaru
  8257 | D:9      | Reached skill level 10 in Armour
  8416 | D:9      | Found a sacrificial altar of Ru.
  8590 | D:9      | Reached skill level 1 in Evocations
  8898 | D:9      | Found a staircase to the Lair.
  9017 | D:9      | Noticed a two-headed ogre
  9023 | D:9      | Killed a two-headed ogre
  9023 | D:9      | Reached *** piety under Okawaru
  9268 | D:9      | Found a deep blue altar of Sif Muna.
  9316 | D:10     | Entered Level 10 of the Dungeon
  9330 | D:10     | Noticed Josephine
  9338 | D:10     | Reached skill level 13 in Axes
  9345 | D:10     | Noticed Erolcha
  9647 | D:10     | Killed Josephine
  9649 | D:10     | Reached XP level 11. HP: 75/99 MP: 9/11
  9661 | D:10     | Reached **** piety under Okawaru
  9963 | D:10     | Killed Erolcha
  9963 | D:10     | Reached skill level 10 in Fighting
 10122 | D:10     | Found a staircase to the Orcish Mines.
 10473 | D:10     | Noticed a two-headed ogre
 10486 | D:10     | Killed a two-headed ogre
 10486 | D:10     | Reached skill level 14 in Axes
 11060 | D:10     | Noticed an orc knight
 11077 | D:10     | Killed an orc knight
 11077 | D:10     | Reached ***** piety under Okawaru
 12073 | D:11     | Noticed Maurice
 12201 | D:11     | Noticed a two-headed ogre
 12213 | D:11     | Killed a two-headed ogre
 12935 | D:11     | Killed Maurice
 13250 | D:11     | Noticed a two-headed ogre
 13262 | D:11     | Killed a two-headed ogre
 13262 | D:11     | Reached XP level 12. HP: 96/110 MP: 11/14
 13724 | D:12     | Received a gift from Okawaru
 13730 | D:12     | Reached skill level 15 in Axes
 13731 | D:12     | Reached skill level 5 in Evocations
 14400 | D:13     | Noticed Snorg
 14401 | D:13     | Noticed a centaur warrior
 14997 | D:13     | Found a flagged portal.
 15008 | Bailey   | Entered a bailey
 15993 | Bailey   | Reached skill level 16 in Axes
 16059 | Bailey   | Identified the Compendium of Toxic Boosts
 16104 | D:13     | Noticed a centaur warrior
 16681 | D:13     | Killed Snorg
 17380 | D:13     | Noticed Kirke
 17402 | D:13     | Noticed a sphinx
 17407 | D:13     | Paralysed by a sphinx for 7 turns
 17411 | D:13     | Slain by a sphinx

Skill      XL: |  1  2  3  4  5  6  7  8  9 10 11 12 |
---------------+-------------------------------------+-----
Armour         | 4 5 6 8 9 10 12 13 | 13.1
Fighting       | 4 5 6 7 8 9 11 12 | 12.1
Axes           | 3 4 5 6 8 9 11 13 14 16 | 16.2
Dodging        | 1 2 3 4 |  4.6
Evocations     | 2 4 6 |  6.5
Shields        | |  3.6

Action                   |  1- 3 |  4- 6 |  7- 9 | 10-12 || total
-------------------------+-------+-------+-------+-------++-------
Melee: War axe           |    39 |   128 |   393 |   797 ||  1357
       Headbutt          |     6 |    23 |    74 |   153 ||   256
       Punch             |       |       |       |     1 ||     1
Invok: Heroism           |       |       |       |     6 ||     6
  Use: Scroll            |       |     8 |    13 |     6 ||    27
       Potion            |       |       |     4 |    10 ||    14
  Eat: Chunk             |       |     6 |    12 |    22 ||    40
       Royal jelly       |       |       |     2 |       ||     2
       Fruit             |       |       |       |    17 ||    17
Armor: Scale mail        |    20 |    75 |   146 |       ||   241
       Plate armour      |       |       |    48 |   491 ||   539
Dodge: Dodged            |    23 |    84 |   205 |   367 ||   679
